 Dungeon Crawl Stone Soup version 0.18.1-50-g88ac8fd (webtiles) character file.

147 magog001 the Shield-Bearer (level 5, -4/47 HPs)
             Began as a Minotaur Fighter on Feb 1, 2017.
             Was a Follower of Nemelex Xobeh.
             Killed by divine providence
             ... invoked by an orc priest
              (17 damage)
             ... on level 3 of the Dungeon.
             The game lasted 00:11:07 (2063 turns).

magog001 the Shield-Bearer (Minotaur Fighter)       Turns: 2063, Time: 00:11:07

Health: -4/47      AC:  8    Str: 21    XL:     5   Next: 7%
Magic:  4/4        EV:  8    Int:  5    God:    Nemelex Xobeh [*.....]
Gold:   129        SH:  9    Dex: 10    Spells: 0 memorised, 4 levels left

rFire  . . .     SeeInvis .     a - +0 war axe
rCold  . . .     Gourm    .     b - +0 scale mail
rNeg   . . .     Faith    .     c - +0 shield
rPois  .         Spirit   .     (helmet restricted)
rElec  .         Dismiss  .     (no cloak)
rCorr  .         Reflect  .     (no gloves)
SustAt .         Harm     .     s - +0 pair of boots
MR     .....                    (no amulet)
Stlth  ..........               (no ring)
                                (no ring)

@: not resistant to hostile enchantments, extremely unstealthy
A: retaliatory headbutt, horns 2
a: Renounce Religion


You were on level 3 of the Dungeon.
You worshipped Nemelex Xobeh.
Nemelex Xobeh was aware of your devotion.
You were not hungry.

You visited 1 branch of the dungeon, and saw 3 of its levels.

You collected 129 gold pieces.

Inventory:

Hand Weapons
 a - a +0 war axe (weapon)
Armour
 b - a +0 scale mail (worn)
 c - a +0 shield (worn)
 s - a +0 pair of boots (worn)
Jewellery
 v - a cursed -2 ring of intelligence {unknown}
Scrolls
 g - a scroll of enchant weapon {unknown}
 h - 3 scrolls of identify {unknown}
 k - a scroll of blinking {unknown}
 m - a scroll of remove curse {unknown}
 p - 2 scrolls of immolation {unknown}
 r - a scroll of magic mapping {unknown}
 w - a scroll of noise {unknown}
Potions
 d - a potion of might
 e - a potion of berserk rage {unknown}
 i - a potion of cure mutation {unknown}
 l - 4 potions of curing {unknown}
 o - 2 potions of degeneration {unknown}
Books
 u - a book of Spatial Translocations

   Spells                             Type                      Level
   a - Apportation                    Translocation                1
   b - Blink                          Translocation                2
   c - Shroud of Golubria             Charms/Translocation         2
   d - Portal Projectile              Translocation                3
   e - Teleport Other                 Translocation                3
   f - Passage of Golubria            Translocation                4
Miscellaneous
 j - a plain deck of destruction
 n - a plain deck of destruction {drawn: 3}
 t - a plain deck of war
Comestibles
 f - 3 bread rations
 q - 3 chunks of flesh


   Skills:
 * Level 4.4 Fighting
 + Level 3.3 Axes
 + Level 4.5 Armour
 + Level 1.4 Dodging
 + Level 4.8 Shields
 + Level 0.1 Evocations


You had 4 spell levels left.
You didn't know any spells.

Dungeon Overview and Level Annotations

Branches:
Dungeon (3/15)

Altars:
Kikubaaqudgha
Nemelex Xobeh


Innate Abilities, Weirdness & Mutations

You reflexively headbutt those who attack you in melee.
You have a pair of horns on your head.


Message History

You hear a shout! x5
Lightning arcs down from a storm cloud!
You swap places.
You hear a shout! x2
The orc priest hits you with a mace.
* * * LOW HITPOINT WARNING * * *
Lightning arcs down from a storm cloud!
You swap places.
Your air elemental hits the orc priest!
The orc priest dies!
You have reached level 5!
Really walk into that cloud of thunder?
Okay, then.
You swap places.
You swap places.
The orc priest casts a cantrip, but nothing happens.
Lightning arcs down from a storm cloud!
The orc priest invokes the aid of Beogh against you.
Beogh smites you!
You die...
Your body disappears without a glow.

#....#..##.##.##.##.###
#####.#.##.#..##......#
###.##....##..###.####
#........#..# #....#
###...<...#.###.##.#
#......##.....# #
#.#.§§#####.### #.##§§#
#.# #.##.@#####.#
#.##.E.§§...#
#.##)######## #o# #o#
#.# #o# #)# #.#


You could see 2 orc priests, an orc wizard and a friendly air elemental.

Vanquished Creatures
  Jessica (D:2)
  3 adders (D:2)
  3 oozes
  2 worms (D:2)
  A giant gecko (D:2)
  2 orcs (D:3)
  3 bats
  5 giant cockroaches
  8 goblins
  2 hobgoblins (D:2)
  2 jackals (D:1)
  9 kobolds
  2 ball pythons
  5 giant newts
  9 rats
57 creatures vanquished.

Vanquished Creatures (collateral kills)
  An orc priest (D:3)
1 creature vanquished.

Vanquished Creatures (others)
  A human (D:2)
1 creature vanquished.

Grand Total: 59 creatures vanquished

Notes
Turn   | Place    | Note
--------------------------------------------------------------
     0 | D:1      | magog001 the Minotaur Fighter began the quest for the Orb.
     0 | D:1      | Reached XP level 1. HP: 19/19 MP: 0/0
   545 | D:1      | Reached XP level 2. HP: 27/27 MP: 1/1
   574 | D:1      | Found a sparkling altar of Nemelex Xobeh.
   589 | D:1      | Became a worshipper of Nemelex Xobeh the Trickster
   745 | D:1      | Received a gift from Nemelex Xobeh
  1037 | D:2      | Reached XP level 3. HP: 23/33 MP: 2/2
  1067 | D:2      | Received a gift from Nemelex Xobeh
  1417 | D:2      | Reached XP level 4. HP: 40/40 MP: 3/3
  1441 | D:2      | Found an ancient bone altar of Kikubaaqudgha.
  1448 | D:2      | Noticed a human
  1449 | D:2      | Killed a human
  1658 | D:2      | Noticed Jessica
  1662 | D:2      | Killed Jessica
  1662 | D:2      | Reached skill level 1 in Dodging
  1817 | D:2      | Reached * piety under Nemelex Xobeh
  1817 | D:2      | Received a gift from Nemelex Xobeh
  2058 | D:3      | Reached XP level 5. HP: 12/47 MP: 4/4
  2063 | D:3      | Killed from afar by an orc priest

Skill      XL: |  1  2  3  4 |
---------------+-------------+-----
Armour         | 4 |  4.5
Shields        | 4 |  4.8
Fighting       | 4 |  4.4
Axes           | 3 |  3.3
Dodging        | 1 |  1.4
Evocations     | |  0.1

Action                   |  1- 3 |  4- 6 || total
-------------------------+-------+-------++-------
Melee: War axe           |    84 |    41 ||   125
       Headbutt          |     7 |     3 ||    10
Evoke: Deck              |     1 |     2 ||     3
  Eat: Chunk             |     2 |     2 ||     4
Armor: Scale mail        |    31 |    17 ||    48
Dodge: Dodged            |    31 |    11 ||    42
Block: Shield            |    49 |    23 ||    72
